 Dungeon Crawl Stone Soup version 0.29-a0-878-g7b45a56547 (webtiles) character file.

Game seed: 17831527622470475054

7 27snakeeyes612 the Magician (level 1, -1/10 HPs)
             Began as a Deep Elf Air Elementalist on July 20, 2022.
             Slain by a quokka (5 damage)
             ... on level 1 of the Dungeon.
             The game lasted 00:00:21 (330 turns).

27snakeeyes612 the Magician (DEAE)                   Turns: 330, Time: 00:00:22

Health: -1/10      AC:  2    Str:  5    XL:     1   Next: 83%
Magic:  5/6        EV: 12    Int: 19    God:
Gold:   15         SH:  0    Dex: 15    Spells: 5/6 levels left

rFire   . . .      SeeInvis .   (no weapon)
rCold   . . .      Faith    .   (no shield)
rNeg    . . .      Spirit   .   a - +0 robe
rPois   .          Reflect  .   (no helmet)
rElec   .          Harm     .   (no cloak)
rCorr   .          Rampage  .   (no gloves)
Will    .....                   (no boots)
Stlth   ++........              (no amulet)
HPRegen 0.03/turn               (no ring)
MPRegen 0.10/turn               (no ring)

@: no status effects
A: no striking features
a: no special abilities


You were on level 1 of the Dungeon.
You visited 1 branch of the dungeon, and saw 1 of its levels.

You collected 15 gold pieces.

Inventory:

Armour
 a - a +0 robe (worn)
Scrolls
 d - a scroll of identify {unknown}
 e - a scroll of poison {unknown}
 f - a scroll of magic mapping {unknown}
Potions
 b - a potion of magic
 c - 2 potions of heal wounds {unknown}


   Skills:
 + Level 2.6 Dodging
 + Level 2.6 Stealth
 + Level 3.1 Spellcasting
 + Level 1.3 Conjurations
 + Level 3.1 Air Magic


You had 5 spell levels left.
You knew the following spells:

 Your Spells              Type           Power      Damage    Failure   Level
a - Shock                 Conj/Air       44%        1d5       6%          1

Your spell library contained the following spells:

 Spells                   Type           Power      Damage    Failure   Level
 Static Discharge         Conj/Air       11%        3-5/arc   9%          2
 Swiftness                Air            14%        N/A       13%         3
 Airstrike                Air            7%         0-3+      38%         4


Dungeon Overview and Level Annotations

Branches:
Dungeon (1/15)

Altars:


Message History

An endoplasm comes into view.
An endoplasm is nearby!
The zap hits the endoplasm.
The endoplasm is almost dead.
The endoplasm quivers.
An endoplasm is nearby!
The zap hits the endoplasm.
You kill the endoplasm!
A quokka comes into view.
You can't see any susceptible monsters within range! (Use Z to cast anyway.)
A quokka is nearby!
You can't see any susceptible monsters within range! (Use Z to cast anyway.)
A quokka is nearby!
You can't see any susceptible monsters within range! (Use Z to cast anyway.)
A quokka is nearby!
A quokka is nearby!
A rat comes into view.
A gnoll and a giant cockroach come into view.
The gnoll is wielding a +2 vorpal spear.
The quokka attacks as you move away! The quokka closely misses you.
The quokka attacks as you move away! The quokka bites you.
Ouch! That really hurt!
The quokka barely misses you. x2
The quokka attacks as you move away! The quokka misses you.
Things that are here:
a +0 club; 3 stones; a kobold corpse You see here a rat corpse.
Aiming: Shock (safe; 6% risk of failure)
Press: ? - help, Q - select action Shift-Dir - straight line, f - quokka
Aim: a quokka (56% to hit)
Okay, then.
The quokka attacks as you move away! The quokka bites you.
Aiming: Shock (safe; 6% risk of failure)
Press: ? - help, Q - select action Shift-Dir - straight line, f - quokka
Aim: a quokka (56% to hit)
The zap misses the quokka.
The zap hits the gnoll.
The gnoll is moderately wounded.
The quokka bites you.
Ouch! That really hurt!
You die...

........
####..##.##
##.......#
#......##
#...>...#
#.#.#...#
##.....##
##.....#.##
#....#
#.#.#.#...#
####.#####
##......#.# ...
....# #.#.#..#.#
.#.###)#.#
#....#.#.#
.........##
#@####.#.#
#.###.#..# #r#
#.#.# #.#(#.#..#
#)# #.#.#
.#.###$#..# #.#
#.#.#
..........#####g#
#.#.#
.#.###B#...#....#
#.#.#
........#.#....#
#.#.#
........#.#....#
#.#.#
#.....###......#
#.#.#


You could see a gnoll and a quokka.

Vanquished Creatures
  An endoplasm (D:1)
  A kobold (D:1)
  A bat (D:1)
  2 frilled lizards (D:1)
  A goblin (D:1)
  2 rats (D:1)
8 creatures vanquished.

Notes
Turn   | Place    | Note
-------+----------+-------------------------------------------
     0 | D:1      | 27snakeeyes612 the Deep Elf Air Elementalist began the
                  | quest for the Orb.
     0 | D:1      | Reached XP level 1. HP: 10/10 MP: 6/6
   330 | D:1      | Slain by a quokka

Illustrated notes

Levels and vault maps discovered:
D:1:      tarquinn_simple_flora_water_a, layout_rooms, hex_tiny,
          serial_bayou_pond_c, nicolae_hexahallways, minmay_surrounded

Action                   || total
-------------------------++-------
 Cast: Shock             ||    12
Dodge: Dodged            ||     4

Table legend: (Time is in decaauts)
 A = Elapsed time spent in this place.
 B = Non-inter-level travel time spent in this place.
 C = Inter-level travel time spent in this place.
 D = Time resting spent in this place.
 E = Time spent auto-exploring this place.
 F = Levels seen in this place.
 G = Mean time per level.
                   A        B        C        D        E       F      G
               +--------+--------+--------+--------+--------+-----+--------+
         Total |    330 |    330 |      0 |      0 |    283 |   1 |  330.0 |
       Dungeon |    330 |    330 |      0 |      0 |    283 |   1 |  330.0 |
               +--------+--------+--------+--------+--------+-----+--------+

Top non-repeatable levels by time:
     D:1: 330 daAuts
